 Dungeon Crawl Stone Soup version 0.19-a0-905-ge5e6a15 (webtiles) character file.

546281 xeno23 the Wrestler (level 24, -2/198 HPs)
             Began as a Demonspawn Transmuter on May 4, 2016.
             Was the Champion of Yredelemnul.
             Killed from afar by an ancient lich (52 damage)
             ... with an iron shot
             ... on level 5 of the Realm of Zot on July 5, 2016.
             The game lasted 04:24:01 (52879 turns).

xeno23 the Wrestler (Demonspawn Transmuter)        Turns: 52879, Time: 04:24:01

Health: -2/198     AC: 35    Str: 24      XL:     24   Next: 90%
Magic:  0/28       EV: 21    Int: 15      God:    Yredelemnul [******]
Gold:   2001       SH: 24    Dex: 18 (19) Spells: 4 memorised, 24 levels left

rFire  + + +     SeeInvis .       - Unarmed
rCold  + + +     Gourm    .     H - +2 ice dragon armour
rNeg   + . .     Faith    .     V - +2 large shield {AC+3}
rPois  .         Spirit   +     x - +2 hat {rC+}
rElec  .         Dismiss  .     r - +1 cloak {MR+}
rCorr  +         Reflect  .     (gloves unavailable)
SustAt .         Harm     .     I - +0 pair of boots of Hedging {rF+++ rCorr Stlth-}
MR     +++..     Rnd*Tele +     B - amulet of regeneration
Stlth  ..........               E - +4 ring of dexterity
                                y - ring of positive energy

@: extremely resistant to hostile enchantments, extremely unstealthy
A: claws 3, horns 1, rough black scales 3, agile 1, blurry vision 2, cold
resistance 1, deterioration 1, fire resistance 1, ignite blood, low mp 1, magic
resistance 1, screaming 1, strong 2, teleportitis 1, evolution 1, augmentation
1, magic shield, magic regeneration, flame cloud immunity
a: Recall Undead Slaves, Injury Mirror, Animate Dead, Drain Life, Enslave Soul,
Renounce Religion
}: 3/15 runes: barnacled, silver, gossamer


You were on level 5 of the Realm of Zot.
You worshipped Yredelemnul.
Yredelemnul was exalted by your worship.
You were not hungry.

You visited 9 branches of the dungeon, and saw 49 of its levels.
You visited 1 bazaar.
You also visited: Ossuary, Ice Cave and Volcano.

You collected 5851 gold pieces.
You spent 3850 gold pieces at shops.

Inventory:

Missiles
 a - 1525 arrows
 D - 8 throwing nets (quivered)
Armour
 r - a +1 cloak of magic resistance (worn)
 x - a +2 hat of cold resistance (worn)
 H - a +2 ice dragon armour (worn)
 I - the +0 pair of boots of Hedging (worn) {rF+++ rCorr Stlth-}
   (You found it on level 6 of the Dungeon)

   It renders you almost immune to fire.
   It protects you from acid and corrosion.
   It makes you less stealthy.
 V - a +2 large shield of protection (worn)
Jewellery
 u - the ring of Suqorch {rF+ rC+++ Int+3 Dex-4 SInv}
   (You took it off an ironheart preserver on level 5 of the Vaults)

   [ring of protection from fire]

   It affects your intelligence (+3).
   It affects your dexterity (-4).
   It protects you from fire.
   It renders you almost immune to cold.
   It lets you see invisible.
 y - a ring of positive energy (left claw)
 B - an amulet of regeneration (around neck)
 E - a +4 ring of dexterity (right claw)
Wands
 b - a wand of hasting (2/9)
 c - a wand of teleportation (5/9)
 e - a wand of paralysis (12/24)
 N - a wand of hasting (5/9)
 Y - a wand of teleportation (1/9)
Scrolls
 i - 4 scrolls of magic mapping
 j - 13 scrolls of fog
 k - 9 scrolls of immolation
 m - 24 scrolls of identify
 n - 23 scrolls of teleportation
 t - 25 scrolls of remove curse
 J - 3 scrolls of amnesia
 M - 13 scrolls of recharging
 T - 9 scrolls of blinking
 U - a scroll of summoning
 X - 8 scrolls of fear
Potions
 g - 2 potions of berserk rage
 h - 9 potions of ambrosia
 o - 7 potions of might
 p - 10 potions of agility
 q - 19 potions of curing
 s - 8 potions of heal wounds
 v - 4 potions of invisibility
 w - a potion of resistance
 z - 7 potions of lignification
 G - 6 potions of cancellation
 K - 3 potions of mutation
 O - 13 potions of flight
 P - 4 potions of haste
 Q - 4 potions of magic
 W - 5 potions of brilliance
Books
 A - a book of Enchantments

   Spells                             Type                      Level
   a - Cause Fear                     Hexes                        4
   b - Yara's Violent Unravelling     Hexes/Transmutation          5
   c - Silence                        Hexes/Air                    5
   d - Deflect Missiles               Charms/Air                   6
   e - Haste                          Charms                       6
   f - Discord                        Hexes                        8
Miscellaneous
 L - a fan of gales
Comestibles
 d - 31 bread rations
 f - 19 meat rations
 l - 84 fruits
 Z - 22 beef jerkies


   Skills:
 + Level 18.2 Fighting
 + Level 12.8 Armour
 + Level 17.3 Dodging
 * Level 17.5 Shields
 * Level 22.8 Unarmed Combat
 - Level 4.0 Spellcasting
 - Level 11.2 Transmutations
 - Level 12.0 Invocations


You had 24 spell levels left.
You knew the following spells:

 Your Spells              Type           Power        Failure   Level  Hunger
a - Passwall              Tmut/Erth      ###.......   17%         2    ##.....
c - Swiftness             Chrm/Air       #.......     98%         2    ##.....
s - Sticks to Snakes      Tmut           #####...     1%          2    ##.....
v - Apportation           Tloc           #.........   90%         1    None


Dungeon Overview and Level Annotations

Branches:
Dungeon (15/15)            Temple (0/1) D:6            Lair (8/8) D:8
 Shoals (4/4) Lair:4       Spider (4/4) Lair:4        Slime (0/6) Lair:8
    Orc (2/2) D:10            Elf (1/3) Orc:2        Vaults (5/5) D:14
  Crypt (0/3) Vaults:3     Depths (5/5) D:15            Zot (5/5) Depths:5

Altars:
Ashenzari
Cheibriados
Dithmenos
Elyvilon
Fedhas
Gozag
Kikubaaqudgha
Makhleb
Nemelex Xobeh
Okawaru
Pakellas
Qazlal
Ru
Sif Muna
Uskayaw
Vehumet
Yredelemnul
Zin
The Shining One

Shops:
D:13 (   Orc:2 :?%   Vaults:1 =   Vaults:4 :}[*

Portals:
Hell: Depths:1 Depths:2 Depths:3 Depths:4 Depths:5
Abyss: Depths:2 Depths:4
Pandemonium: Depths:2 Depths:3
Ziggurat: Depths:3


Innate Abilities, Weirdness & Mutations

You have claws for hands.
You are completely covered in rough black scales. (AC +10, Dex -3)
Your flesh is heat resistant. (rF+)
Your demonic aura causes spilled blood to erupt in flames.
Your magical and physical power is slightly enhanced at high health.
When hurt, damage is shared between your health and your magic reserves.
You regenerate magic rapidly.
You are immune to clouds of flame.
You have a pair of small horns on your head.
You are agile. (Dex +2)
Scrolls take you longer to read.
Your flesh is cold resistant. (rC+)
Your body sometimes deteriorates upon taking damage.
Your magical capacity is low. (-10% MP)
You are resistant to hostile enchantments. (MR+)
You occasionally shout uncontrollably at your foes.
Your muscles are very strong. (Str +4)
You are occasionally teleported next to monsters.
You evolve.


Message History

You headbutt the ancient lich, but do no damage.
The ancient lich is moderately damaged.
You hear a distant "Zot"!
The ancient lich gestures at you while chanting.
The iron shot hits you!
You take 66 damage.
You scratch the ancient lich but do no damage.
The ancient lich is moderately damaged.
The tormentor calls on the powers of darkness!
Your body is wracked with pain!
* * * LOW HITPOINT WARNING * * *
Your body deteriorates!
You feel clumsy.
You take 26 damage.
You scratch the ancient lich.
You headbutt the ancient lich, but do no damage.
The ancient lich is moderately damaged.
The ancient lich casts a spell at you. The iron shot hits you!
You die...
Your body rises from the dead as a mindless zombie.

###***▓▓▓ ########.######## *#
,,,,,** #.......^.......# **,
,,,,,,** ##......)......#* **,,
,,,,,,,** #.............# **,,,
........# ##...).......## *,,,,
........# #....^.....[# *,,,,
........# ##...........#* *,,,,
........# #...§.........# *,,,,
........# ##....@2^......#* *,,,,
..).....###....§§L........#**,,,,
...^Vq.###..^###########..)#**,,,
...)†.##....## *#...,**,,
..*d......### *##.,,,,,
▓▓▓#▓▓▓▓▓▓# ******* ,,,,,,****
****,, ,,,,,,,,,*** ***,,,,,
,,,,,,,,,,,** **,,,,,,,


You could see an ancient lich and a tormentor.

Vanquished Creatures
  An orb of fire (Zot:5)
  3 ancient liches (Zot:5)
  Sojobo (Depths:4)
  Boris (Depths:4)
  Saint Roka (Depths:3)
  2 curse toes (Zot:4)
  3 Killer Klowns
  6 golden dragons
  2 profane servitors
  2 bone dragons
  A hellephant (Zot:4)
  4 liches
  Rupert (Lair:6)
  6 tentacled monstrosities
  2 titans (Vaults:5)
  7 Orb Guardians (Zot:5)
  2 quicksilver dragons (Vaults:5)
  6 death cobs
  4 sphinxes
  3 tengu reavers
  4 shadow dragons
  Ilsuiw (Shoals:4)
  9 fire giants
  3 storm dragons
  2 draconian monks
  A deep elf sorcerer (Vaults:4)
  11 frost giants
  Wiglaf (Vaults:1)
  6 draconian scorchers
  Aizul (Elf:1)
  12 vault wardens
  An emperor scorpion (Spider:4)
  3 draconian zealots
  2 iron dragons (Vaults:5)
  17 ironheart preservers
  A deep elf elementalist (Depths:2)
  2 draconian shifters
  A draconian annihilator (Zot:3)
  3 ghouls (Vaults:5)
  3 draconian callers
  20 very ugly things
  A war gargoyle (Vaults:5)
  12 stone giants
  3 vampire knights (Vaults:5)
  An entropy weaver (Spider:1)
  A deep elf demonologist (Vaults:5)
  4 black draconians
  5 green draconians
  5 purple draconians
  2 dire elephants (Zot:4)
  2 deep elf annihilators
  5 red draconians
  5 mottled draconians
  5 yellow draconians
  4 white draconians
  9 spark wasps
  2 merfolk javelineers (Shoals:4)
  2 deep elf death magi (Vaults:5)
  Josephine (Orc:2)
  5 ettins
  15 fire dragons
  7 great orbs of eyes
  4 merfolk impalers
  3 deep elf high priests
  15 yaktaur captains
  Fannar (D:12)
  A rakshasa (Depths:3)
  Harold (Lair:2)
  19 vault guards
  6 hydras
  2 spriggan air magi
  7 ice dragons
  2 death knights (Vaults:3)
  11 centaur warriors
  A hell beast (Depths:1)
  An alligator snapping turtle (Shoals:1)
  The ghost of Thrillho the Carver, a journeyman OpBe of Trog (D:13)
  A merfolk aquamancer (Shoals:4)
  9 ogre magi
  2 dancing weapons
  5 tengu warriors
  16 death yaks
  A vampire mage (Depths:2)
  6 deep troll shamans
  6 deep troll earth magi
  A hell knight (Depths:2)
  4 spriggan berserkers
  3 fire crabs
  A titan skeleton (Depths:4)
  3 deep elf knights (Vaults:3)
  2 shadow wraiths (Vaults:4)
  3 iron trolls (Depths:1)
  21 deep trolls
  2 wizards
  A skeletal warrior (Vaults:1)
  5 unseen horrors
  14 deep elf archers
  2 sea snakes (Shoals:4)
  4 giant orange brains
  2 flayed ghosts
  9 ironbrand convokers
  4 hill giants
  9 harpies
  A lindwurm (Lair:8)
  3 necromancers
  2 phantasmal warriors
  7 orc knights
  7 orb spiders
  2 sphinx skeletons (Volcano)
  2 orc sorcerers
  25 ugly things
  20 deep elf magi
  4 hornets
  6 manticores
  14 wolf spiders
  4 griffons
  2 cyclopes
  4 fauns
  13 moths of wrath
  5 sirens
  5 vault sentinels
  A rust devil (Depths:1)
  Maurice (D:10)
  3 black mambas
  An octopode (shapeshifter) (Vaults:1)
  A human skeleton (Vaults:4)
  3 water nymphs
  3 torpor snails
  Psyche (D:8)
  2 ice statues (IceCv)
  A yaktaur zombie (Vaults:4)
  7 spiny frogs
  3 kobold demonologists
  A guardian mummy (Volcano)
  2 komodo dragons
  8 demonic crawlers
  11 ice devils (IceCv)
  3 rime drakes
  5 freezing wraiths
  A red devil (Depths:1)
  A yaktaur (shapeshifter) (Vaults:2)
  33 yaktaurs
  A hellwing (Depths:3)
  A harpy zombie (Shoals:3)
  A wind drake (Shoals:2)
  4 tengu conjurers
  A jumping spider (shapeshifter) (Depths:2)
  4 merfolk
  A queen bee (Spider:3)
  6 trolls
  2 meliai (shapeshifter)
  A polar bear (shapeshifter) (Depths:3)
  A meliai (Spider:3)
  17 two-headed ogres
  10 jumping spiders
  2 boulder beetles
  4 polar bears
  2 raiju (Lair:8)
  10 slime creatures
  3 snapping turtles
  11 blink frogs
  7 water elementals
  22 redbacks
  2 spriggans (Depths:5)
  2 flying skulls (Volcano)
  4 vampires
  64 yaks
  2 wraiths (Orc:2)
  7 humans
  16 tarantellas
  2 fire bats (Lair:6)
  4 vampire mosquitoes
  2 steam dragons
  7 hippogriffs
  2 hill giant skeletons (Volcano)
  A human simulacrum (Vaults:1)
  4 basilisks
  A warg (shapeshifter) (Vaults:5)
  3 mottled dragons
  15 wargs
  A soldier ant (D:8)
  8 water moccasins
  3 hell hounds (Lair:8)
  4 sky beasts
  10 porcupines
  32 orc warriors
  8 wasps
  7 black bears
  4 ice beasts
  4 phantoms
  2 necrophages
  An eye of draining (D:14)
  35 ogres
  23 wolves
  2 black bears (shapeshifter) (Depths:3)
  A boggart (Depths:3)
  17 centaurs
  9 crocodiles
  24 giant frogs
  3 big kobolds
  A human zombie (Vaults:4)
  A deep troll simulacrum (Vaults:2)
  A wyvern skeleton (D:6)
  8 scorpions
  A hippogriff zombie (Shoals:3)
  9 killer bees
  2 troll skeletons (Volcano)
  3 wights (D:8)
  3 spriggan skeletons (Volcano)
  2 howler monkeys (D:13)
  4 electric eels
  A giant frog zombie (D:9)
  A lava snake (Lair:8)
  A crimson imp (D:15)
  8 centaur zombies
  A wyvern simulacrum (D:9)
  12 orc priests
  6 centaur skeletons
  3 giant frog skeletons (D:7)
  13 hounds
  6 jellies
  11 orc wizards
  5 iguanas
  2 two-headed ogre skeletons (Volcano)
  12 worker ants
  12 sheep
  4 big kobold zombies (Ossuary)
  A centaur simulacrum (D:9)
  An ogre skeleton (Volcano)
  5 mummies
  14 gnolls
  A howler monkey zombie (D:8)
  13 adders
  44 river rats
  2 shadow imps
  8 white imps
  8 ufetubi
  2 adder zombies (D:8)
  An adder skeleton (D:4)
  3 worms
  2 dart slugs (D:1)
  An adder simulacrum (D:9)
  5 giant geckos
  59 orcs
  7 bats
  5 giant cockroaches
  9 goblins
  9 hobgoblins
  22 jackals
  10 quokkas
  4 ball pythons
  A giant cockroach zombie (D:5)
  5 giant newts
  2 hobgoblin zombies (Ossuary)
  A jackal zombie (D:5)
  15 kobolds
  9 rats
  A bush (D:14)
  A crawling corpse (Vaults:5)
  A fungus (Lair:2)
  8 plants
1547 creatures vanquished.

Vanquished Creatures (collateral kills)
  2 orbs of fire (Zot:3)
  A Killer Klown (Zot:4)
  Nikola (Shoals:4)
  3 golden dragons
  A bone dragon (Depths:5)
  10 tentacled monstrosities
  2 Orb Guardians (Zot:5)
  3 liches
  Asterion (Vaults:1)
  4 titans (Vaults:5)
  Polyphemus (Shoals:2)
  2 sphinxes (Vaults:5)
  Frances (Shoals:2)
  Gastronok (D:12)
  2 death cobs
  2 shadow dragons (Vaults:5)
  2 storm dragons (Depths:5)
  The ghost of 4thArraOfDagon the Severer, an adept MiAK of Lugonu (Shoals:4)
  Roxanne (D:14)
  2 draconian monks
  5 tengu reavers
  6 fire giants
  3 emperor scorpions
  5 frost giants
  4 ghost moths
  A draconian shifter (Zot:5)
  A deep elf sorcerer (Vaults:3)
  7 vault wardens
  A draconian knight (Depths:5)
  11 ironheart preservers
  Louise (Shoals:1)
  2 draconian annihilators
  12 very ugly things
  5 stone giants
  2 war gargoyles (Vaults:5)
  A spriggan defender (Depths:3)
  A black draconian (Depths:5)
  2 entropy weavers (Spider:3)
  A red draconian (Depths:5)
  2 white draconians
  7 spark wasps
  5 green draconians
  A deep elf annihilator (Vaults:3)
  A dire elephant (Zot:4)
  2 mottled draconians
  A purple draconian (Zot:4)
  The ghost of Ijustatesigmund the Covert, a journeyman VSCj of Dithmenos (D:13)
  3 yellow draconians
  Snorg (D:14)
  3 merfolk javelineers (Shoals:4)
  7 fire dragons
  3 ettins
  5 merfolk impalers
  19 vault guards
  4 ice dragons
  A minotaur (shapeshifter) (Depths:4)
  A catoblepas (Shoals:2)
  4 great orbs of eyes
  2 spriggan air magi
  An alligator snapping turtle (Shoals:4)
  2 merfolk avatars
  3 merfolk aquamancers
  3 centaur warriors
  2 satyrs (Shoals:3)
  9 ogre magi
  2 tengu warriors (Depths:3)
  5 dancing weapons (Elf:1)
  6 death yaks
  4 deep troll earth magi
  2 deep troll shamans
  An orc high priest (Orc:2)
  4 spriggan berserkers
  A storm dragon zombie (Vaults:4)
  A titan skeleton (Depths:4)
  8 deep elf knights
  An iron troll (Depths:5)
  4 shadow wraiths
  7 sea snakes
  8 deep trolls
  An unseen horror (Vaults:1)
  3 giant orange brains
  3 hill giants
  13 harpies
  5 deep elf archers
  4 ironbrand convokers
  A phantasmal warrior (Vaults:5)
  9 orc knights
  5 necromancers
  An orb spider (shapeshifter) (Depths:4)
  16 wolf spiders
  5 hornets
  4 orb spiders
  13 deep elf magi
  6 griffons
  8 manticores
  7 cyclopes
  A manticore (shapeshifter) (Vaults:5)
  A salamander (Depths:3)
  15 ugly things
  10 slime creatures
  11 fauns
  A spriggan zombie (Depths:4)
  2 elephants (Zot:4)
  4 sirens
  3 water nymphs
  A fire giant skeleton (Depths:1)
  9 moths of wrath
  A torpor snail (Lair:6)
  A smoke demon (Depths:3)
  A black mamba (Lair:8)
  3 spiny frogs
  7 vault sentinels
  2 freezing wraiths
  10 demonic crawlers
  An elf skeleton (Depths:4)
  A kobold demonologist (Vaults:2)
  2 komodo dragons
  21 yaktaurs
  9 merfolk
  A red devil (Depths:3)
  2 meliai (Spider:3)
  2 meliai (shapeshifter) (Vaults:5)
  5 trolls
  26 jumping spiders
  5 polar bears (Lair:8)
  17 two-headed ogres
  A hornet zombie (D:14)
  5 blink frogs
  A wind drake (Shoals:1)
  5 boulder beetles
  A blink frog (shapeshifter) (Depths:2)
  A griffon zombie (Shoals:3)
  4 snapping turtles
  2 air elementals (Depths:5)
  A shadow (D:11)
  11 water elementals
  3 wraiths (Orc:2)
  18 tarantellas
  13 yaks
  38 redbacks
  A spriggan (Depths:5)
  15 humans
  A fire elemental (Lair:6)
  A fire bat (Lair:6)
  A golden eye (shapeshifter) (Vaults:1)
  4 hippogriffs
  4 vampire mosquitoes
  5 wargs
  A soldier ant (D:14)
  3 hell hounds (Lair:8)
  A water moccasin (Lair:2)
  A giant eyeball (shapeshifter) (Depths:5)
  An ice beast (D:14)
  17 orc warriors
  2 wasps
  31 ogres
  A phantom (D:13)
  9 black bears (Lair:8)
  4 wolves (Lair:8)
  4 boggarts (Depths:3)
  4 centaurs
  A human skeleton (Vaults:4)
  A crocodile (Lair:6)
  4 big kobolds
  3 giant frogs
  A scorpion (D:14)
  7 killer bees
  A hippogriff zombie (Shoals:3)
  An electric eel (Spider:3)
  A jelly (Lair:8)
  3 crimson imps
  A giant frog zombie (D:13)
  6 orc priests
  7 hounds
  8 orc wizards
  A giant frog skeleton (D:12)
  2 worker ants
  6 sheep
  4 mummies (Ossuary)
  An adder (D:11)
  4 river rats (Lair:3)
  A white imp (D:9)
  36 orcs
  5 kobolds
  24 bushes (D:14)
  A crawling corpse (Vaults:5)
  6 fungi
  46 plants
937 creatures vanquished.

Vanquished Creatures (others)
  A golden dragon (Zot:3)
  7 bone dragons
  A tentacled monstrosity (Zot:3)
  A shadow dragon (Zot:4)
  6 ghouls
  A spectral storm dragon (Vaults:5)
  A spectral rakshasa (Zot:5)
  7 vampire knights
  A fire dragon (Zot:4)
  A deep elf high priest (Vaults:5)
  A yaktaur captain (Depths:5)
  An ice dragon (Depths:5)
  A spriggan air mage (Depths:5)
  3 skeletal warriors
  2 deep trolls (Depths:5)
  4 flayed ghosts
  7 phantasmal warriors
  3 moths of wrath
  5 death yak zombies (Lair:8)
  A sea snake zombie (Shoals:4)
  A yaktaur (Depths:5)
  A demonic crawler (Spider:1)
  A hydra zombie (Lair:8)
  A harpy skeleton (Shoals:4)
  5 flying skulls
  2 water elementals (Depths:5)
  6 wraiths
  A human (Zot:4)
  6 vampires
  A spiny frog zombie (Lair:4)
  A lindwurm zombie (Lair:8)
  A water moccasin zombie (Lair:8)
  2 warg zombies (Lair:8)
  3 wights
  2 wolf zombies (Lair:8)
  A giant frog zombie (D:8)
  3 black bear zombies (Lair:8)
  A sheep (Lair:8)
  A big kobold zombie (D:9)
  A necrophage skeleton (D:9)
  A hound zombie (Lair:8)
  A scorpion zombie (D:9)
  2 white imps (IceCv)
  4 ufetubi (IceCv)
  2 sheep zombies (Lair:8)
  A giant cockroach (IceCv)
  2 kobold zombies (D:9)
  4 orc zombies (D:9)
  A quokka zombie (D:9)
  6 river rat zombies
  3 bushes (D:14)
  5 fungi
  21 plants
149 creatures vanquished.

Grand Total: 2633 creatures vanquished

Notes
Turn   | Place    | Note
-------+----------+-------------------------------------------
     0 | D:1      | xeno23 the Demonspawn Transmuter began the quest for the Orb.
     0 | D:1      | Reached XP level 1. HP: 15/15 MP: 3/3
   456 | D:1      | Gained mutation: You are partially covered in rough black scales. (AC +4, Dex -1) [demonic ancestry]
   456 | D:1      | Reached XP level 2. HP: 21/21 MP: 5/5
   676 | D:1      | Reached XP level 3. HP: 26/26 MP: 6/6
  1266 | D:2      | Reached skill level 3 in Unarmed Combat
  1546 | D:2      | Gained mutation: You have sharp fingernails. [demonic ancestry]
  1546 | D:2      | Reached XP level 4. HP: 33/33 MP: 7/7
  1926 | D:2      | Learned a level 2 spell: Sticks to Snakes
  1930 | D:2      | Learned a level 3 spell: Spider Form
  2024 | D:2      | HP: 1/33 [gnoll/flail (12)]
  2456 | D:3      | Reached XP level 5. HP: 20/38 MP: 0/9
  3111 | D:3      | Found a glowing silver altar of Zin.
  3325 | D:4      | Found a sand-covered staircase.
  3330 | Ossuary  | Entered an ossuary
  3350 | Ossuary  | Gained mutation: Your muscles are strong. (Str +2) [potion of beneficial mutation]
  3680 | Ossuary  | Gained mutation: When hurt, damage is shared between your health and your magic reserves. [demonic ancestry]
  3680 | Ossuary  | Reached XP level 6. HP: 44/46 MP: 10/10
  4016 | Ossuary  | Reached skill level 4 in Unarmed Combat
  4112 | D:4      | Noticed an orc warrior
  4523 | D:4      | Found an ancient bone altar of Kikubaaqudgha.
  4523 | D:4      | Found a stormy altar of Qazlal.
  4566 | D:4      | Reached XP level 7. HP: 37/52 MP: 7/12
  5165 | D:4      | Found a snail-covered altar of Cheibriados.
  5166 | D:4      | Found an opulent altar of Gozag.
  5186 | D:5      | Entered Level 5 of the Dungeon
  5530 | D:5      | Found a blossoming altar of Fedhas.
  5668 | D:5      | Reached skill level 5 in Unarmed Combat
  5946 | D:5      | Found a shattered altar of Ashenzari.
  5976 | D:5      | Gained mutation: Your flesh is heat resistant. (rF+) [demonic ancestry]
  5976 | D:5      | Reached XP level 8. HP: 18/60 MP: 6/13
  6223 | D:5      | Found a basalt altar of Yredelemnul.
  6290 | D:5      | Found a radiant altar of Vehumet.
  6397 | D:5      | Became a worshipper of Yredelemnul the Dark
  6664 | D:5      | Found a glowing golden altar of the Shining One.
  6903 | D:5      | Learned a level 4 spell: Ice Form
  6909 | D:5      | Learned a level 5 spell: Blade Hands
  6924 | D:5      | Found a white marble altar of Elyvilon.
  7262 | D:6      | Reached skill level 6 in Unarmed Combat
  7428 | D:6      | Found a shadowy altar of Dithmenos.
  7597 | D:6      | Got a pair of twisted boots
  7603 | D:6      | Identified the +0 pair of boots of Hedging {rF+++ rCorr Stlth-} (You found it on level 6 of the Dungeon)
  7882 | D:6      | Reached XP level 9. HP: 67/67 MP: 15/15
  7895 | D:6      | Found a staircase to the Ecumenical Temple.
  7931 | D:6      | Reached skill level 5 in Dodging
  7931 | D:6      | Reached skill level 5 in Transmutations
  8072 | D:6      | Reached skill level 5 in Fighting
  8072 | D:6      | Reached skill level 7 in Unarmed Combat
  8379 | D:7      | Noticed a hill giant
  8421 | D:7      | Killed a hill giant
  8486 | D:7      | Reached skill level 8 in Unarmed Combat
  8531 | D:7      | Reached * piety under Yredelemnul
  8627 | D:7      | Found an iron altar of Okawaru.
  9153 | D:8      | Found a burning altar of Makhleb.
  9154 | D:8      | Noticed Psyche
  9163 | D:8      | Killed Psyche
  9181 | D:8      | Gained mutation: You are mostly covered in rough black scales. (AC +7, Dex -2) [demonic ancestry]
  9181 | D:8      | Reached XP level 10. HP: 70/76 MP: 13/16
  9310 | D:8      | Found a sparkling altar of Nemelex Xobeh.
  9337 | D:8      | Found a staircase to the Lair.
  9409 | D:8      | Reached skill level 1 in Invocations
  9573 | D:8      | Reached ** piety under Yredelemnul
  9754 | D:8      | Reached skill level 9 in Unarmed Combat
 10615 | D:9      | Reached XP level 11. HP: 83/83 MP: 17/17
 10675 | D:9      | Reached *** piety under Yredelemnul
 10715 | D:9      | Noticed a death yak
 10755 | D:9      | Killed a death yak
 10971 | D:9      | Reached skill level 10 in Unarmed Combat
 11193 | D:10     | Entered Level 10 of the Dungeon
 11237 | D:9      | Reached skill level 5 in Invocations
 11251 | Lair:1   | Entered Level 1 of the Lair of Beasts
 11252 | Lair:1   | Upgraded the game from 0.19-a0-36-g4a0968a to 0.19-a0-45-g2c295ea
 11263 | Lair:1   | Learned a level 1 spell: Apportation
 11266 | Lair:1   | Learned a level 2 spell: Swiftness
 11355 | Lair:1   | Gained mutation: You evolve. [potion of mutation]
 11355 | Lair:1   | Gained mutation: You possess an exceptional clarity of mind. [potion of mutation]
 11355 | Lair:1   | Gained mutation: Your muscles are very strong. (Str +4) [potion of mutation]
 11556 | Lair:1   | Received a gift from Yredelemnul
 12183 | Lair:2   | Found a dark tunnel.
 12188 | Volcano  | Entered a volcano
 12397 | Volcano  | Gained mutation: You have a pair of small horns on your head. [evolution]
 12765 | Lair:2   | Noticed an eight-headed hydra
 12776 | Lair:2   | Killed an eight-headed hydra
 13272 | Lair:2   | Noticed Harold
 13282 | Lair:2   | Killed Harold
 13282 | Lair:2   | Reached skill level 11 in Unarmed Combat
 13334 | Lair:2   | Reached **** piety under Yredelemnul
 13466 | Lair:2   | Gained mutation: You are immune to clouds of flame. [demonic ancestry]
 13466 | Lair:2   | Reached XP level 12. HP: 89/92 MP: 16/18
 13743 | Lair:3   | Received a gift from Yredelemnul
 13839 | Lair:3   | You fall through a shaft for 3 floors!
 13981 | Lair:5   | Found a frozen archway.
 13991 | IceCv    | Entered an ice cave
 14094 | IceCv    | Received a gift from Yredelemnul
 14725 | IceCv    | Gained mutation: You occasionally shout uncontrollably at your foes. [evolution]
 14858 | Lair:5   | Received a gift from Yredelemnul
 15191 | Lair:5   | Lost mutation: You possess an exceptional clarity of mind. [potion of mutation]
 15191 | Lair:5   | Gained mutation: Your magical capacity is low. (-10% MP) [potion of mutation]
 15192 | Lair:5   | Gained mutation: You are resistant to hostile enchantments. (MR+) [potion of mutation]
 15309 | Lair:5   | Noticed a four-headed hydra
 15317 | Lair:5   | Killed a four-headed hydra
 15317 | Lair:5   | Reached skill level 12 in Unarmed Combat
 15390 | Lair:4   | Noticed a death yak
 15390 | Lair:4   | Noticed a death yak
 15399 | Lair:4   | Killed a death yak
 15400 | Lair:4   | Noticed a death yak
 15403 | Lair:4   | Noticed a death yak
 15404 | Lair:4   | Killed a death yak
 15409 | Lair:4   | Killed a death yak
 15412 | Lair:4   | Killed a death yak
 15430 | Lair:4   | Reached XP level 13. HP: 32/101 MP: 2/17
 15610 | Lair:4   | Found a staircase to the Shoals.
 15620 | Lair:4   | Received a gift from Yredelemnul
 15768 | Lair:4   | Gained mutation: You are agile. (Dex +2) [evolution]
 15930 | Lair:4   | Found a hole to the Spider Nest.
 16813 | Lair:6   | Noticed Rupert
 16889 | Lair:6   | Killed Rupert
 16889 | Lair:6   | Reached skill level 10 in Transmutations
 17744 | Lair:7   | Found a basalt altar of Yredelemnul.
 18072 | Lair:7   | Reached ***** piety under Yredelemnul
 18072 | Lair:7   | Received a gift from Yredelemnul
 18354 | Lair:8   | Entered Level 8 of the Lair of Beasts
 18400 | Lair:8   | Found a staircase to the Slime Pits.
 18431 | Lair:8   | Reached skill level 13 in Unarmed Combat
 18736 | Lair:8   | Reached skill level 10 in Invocations
 18780 | Lair:8   | Reached skill level 10 in Fighting
 19008 | Lair:8   | Received a gift from Yredelemnul
 19227 | Lair:8   | Reached XP level 14. HP: 87/110 MP: 12/19
 19377 | Lair:8   | Received a gift from Yredelemnul
 19545 | Lair:8   | Received a gift from Yredelemnul
 19753 | Lair:8   | Reached ****** piety under Yredelemnul
 19766 | Lair:8   | Received a gift from Yredelemnul
 20090 | Lair:8   | Got a jewelled great sword
 20091 | Lair:8   | Identified the +6 great sword of Pride {freeze, rElec rN++ Int-5} (You found it on level 8 of the Lair of Beasts)
 20317 | Lair:1   | Upgraded the game from 0.19-a0-45-g2c295ea to 0.19-a0-821-gf489216
 20440 | D:10     | Found a staircase to the Orcish Mines.
 20459 | D:10     | Reached skill level 10 in Dodging
 20700 | D:10     | Found a large runed door.
 20701 | D:10     | Found a large runed door.
 20707 | D:10     | Received a gift from Yredelemnul
 21196 | D:10     | Found an oddly glowing altar of Pakellas.
 21196 | D:10     | Noticed Maurice
 21205 | D:10     | Noticed a fire giant
 21207 | D:10     | Killed Maurice
 21218 | D:10     | Killed a fire giant
 21225 | D:10     | Received a gift from Yredelemnul
 21237 | D:10     | Gained mutation: You have very sharp fingernails. [evolution]
 21258 | D:10     | Found a glowing golden altar of the Shining One.
 21472 | D:11     | Reached skill level 1 in Shields
 21578 | D:11     | Reached skill level 14 in Unarmed Combat
 21652 | D:11     | Received a gift from Yredelemnul
 21819 | D:11     | Received a gift from Yredelemnul
 21910 | Orc:1    | Entered Level 1 of the Orcish Mines
 22106 | Orc:2    | Entered Level 2 of the Orcish Mines
 22268 | Orc:2    | Found a staircase to the Elven Halls.
 22305 | Orc:2    | Received a gift from Yredelemnul
 22428 | Orc:2    | Gained mutation: You regenerate magic rapidly. [demonic ancestry]
 22428 | Orc:2    | Reached XP level 15. HP: 113/117 MP: 21/21
 22439 | Orc:2    | Found Ushups's Magic Scroll Boutique.
 22439 | Orc:2    | Found Onnavuny's Food Emporium.
 22440 | Orc:2    | Found Silil's Book Shoppe.
 22440 | Orc:2    | Found Iruqeas's Distillery.
 22461 | Orc:2    | Received a gift from Yredelemnul
 22472 | Orc:2    | Bought a manual of Shields for 1987 gold pieces
 22473 | Orc:2    | Bought a scroll of blinking for 97 gold pieces
 22473 | Orc:2    | Bought a scroll of teleportation for 39 gold pieces
 22665 | Orc:2    | Noticed Josephine
 22675 | Orc:2    | Killed Josephine
 22880 | D:10     | Upgraded the game from 0.19-a0-821-gf489216 to 0.19-a0-854-gc78d25d
 23088 | D:12     | Received a gift from Yredelemnul (a vampire)
 23161 | D:12     | Noticed Fannar
 23193 | D:12     | Killed Fannar
 23333 | D:12     | Found a sacrificial altar of Ru.
 23375 | D:12     | Noticed Gastronok
 23391 | D:12     | Killed Gastronok
 23760 | D:13     | Noticed Thrillho's ghost (journeyman OpBe)
 23773 | D:13     | Killed Thrillho's ghost
 23849 | D:13     | Found Mefanoodgh's Weapon Boutique.
 23884 | D:13     | Noticed Ijustatesigmund's ghost (journeyman VSCj)
 23901 | D:13     | Killed Ijustatesigmund's ghost
 23901 | D:13     | Reached skill level 5 in Shields
 23919 | D:13     | Received a gift from Yredelemnul (a vampire)
 24578 | D:14     | Identified a scroll of acquirement
 24744 | D:14     | Received a gift from Yredelemnul (a vampire knight)
 24817 | D:14     | Found a gate to the Vaults.
 24845 | D:14     | Noticed Snorg
 24864 | D:14     | Killed Snorg
 25117 | D:14     | Received a gift from Yredelemnul (a bone dragon)
 25249 | D:14     | Noticed Roxanne
 25272 | D:14     | Killed Roxanne
 25274 | D:14     | Identified Roxanne's Volume of Stones (You took it off Roxanne on level 14 of the Dungeon)
 25278 | D:14     | Learned a level 2 spell: Passwall
 25455 | D:14     | Reached skill level 15 in Unarmed Combat
 25455 | D:14     | Received a gift from Yredelemnul (a flayed ghost)
 25755 | D:15     | Entered Level 15 of the Dungeon
 26233 | D:15     | Found a staircase to the Depths.
 26652 | Spider:1 | Entered Level 1 of the Spider Nest
 26725 | Spider:1 | Received a gift from Yredelemnul (a phantasmal warrior)
 27088 | Spider:1 | Gained mutation: You have claws for hands. [demonic ancestry]
 27088 | Spider:1 | Reached XP level 16. HP: 123/127 MP: 22/22
 27088 | Spider:1 | Received a gift from Yredelemnul (a bone dragon)
 27274 | Spider:1 | Received a gift from Yredelemnul (a ghoul)
 27686 | Spider:2 | Reached skill level 10 in Shields
 28116 | Spider:3 | Received a gift from Yredelemnul (a vampire knight)
 28767 | Spider:3 | Gained mutation: Your system is resistant to poisons. (rPois) [evolution]
 28841 | Spider:4 | Entered Level 4 of the Spider Nest
 29079 | Spider:4 | Reached skill level 16 in Unarmed Combat
 29288 | Spider:4 | Got a gossamer rune of Zot
 29467 | Spider:4 | Received a gift from Yredelemnul (a flayed ghost)
 29848 | Shoals:1 | Entered Level 1 of the Shoals
 30107 | Shoals:1 | Noticed Louise
 30120 | Shoals:1 | Received a gift from Yredelemnul (a vampire)
 30126 | Shoals:1 | Killed Louise
 30140 | Shoals:1 | Mutation became permanent: You have claws for hands. [demonic ancestry]
 30140 | Shoals:1 | Reached XP level 17. HP: 89/135 MP: 19/23
 30627 | Shoals:2 | Received a gift from Yredelemnul (a ghoul)
 30652 | Shoals:2 | Noticed Polyphemus
 30669 | Shoals:2 | Killed Polyphemus
 30697 | Shoals:2 | Noticed Frances
 30706 | Shoals:2 | Killed Frances
 31086 | Shoals:2 | Received a gift from Yredelemnul (a phantasmal warrior)
 31779 | Shoals:4 | Entered Level 4 of the Shoals
 31779 | Shoals:4 | Noticed Bai Suzhen
 31779 | Shoals:4 | Noticed 4thArraOfDagon's ghost (adept MiAK)
 31789 | Shoals:3 | Killed Bai Suzhen
 31789 | Shoals:3 | Enslaved Bai Suzhen
 31825 | Shoals:3 | Upgraded the game from 0.19-a0-854-gc78d25d to 0.19-a0-860-g5c370dd
 32214 | Shoals:4 | Killed 4thArraOfDagon's ghost
 32237 | Shoals:4 | Noticed Ilsuiw
 32508 | Shoals:4 | Killed Ilsuiw
 32593 | Shoals:4 | Noticed Nikola
 32600 | Shoals:4 | Killed Nikola
 32607 | Shoals:4 | Received a gift from Yredelemnul (a bone dragon)
 32620 | Shoals:4 | Got a vibrating turquoise ring
 32638 | Shoals:4 | Identified the ring "Nuloc" {+Blink rC- Str+2 Int+10 Dex-2} (You took it off Nikola on level 4 of the Shoals)
 32764 | Shoals:4 | Lost mutation: Your system is resistant to poisons. (rPois) [evolution]
 32987 | Shoals:4 | Received a gift from Yredelemnul (a phantasmal warrior)
 33136 | Shoals:4 | Reached skill level 17 in Unarmed Combat
 33200 | Shoals:4 | Got a barnacled rune of Zot
 33572 | Orc:2    | Bought a scroll of enchant armour for 97 gold pieces
 33572 | Orc:2    | Bought a scroll of blinking for 97 gold pieces
 33572 | Orc:2    | Bought a scroll of identify for 26 gold pieces
 33572 | Orc:2    | Bought a scroll of immolation for 45 gold pieces
 33572 | Orc:2    | Bought a scroll of immolation for 45 gold pieces
 33574 | Orc:2    | Bought a potion of flight for 51 gold pieces
 33574 | Orc:2    | Bought a potion of curing for 51 gold pieces
 33574 | Orc:2    | Bought a potion of curing for 51 gold pieces
 33574 | Orc:2    | Bought 2 potions of cancellation for 272 gold pieces
 33574 | Orc:2    | Bought a potion of heal wounds for 85 gold pieces
 33574 | Orc:2    | Bought a potion of flight for 51 gold pieces
 33574 | Orc:2    | Bought a potion of invisibility for 136 gold pieces
 33574 | Orc:2    | Bought a potion of curing for 51 gold pieces
 33587 | Elf:1    | Entered Level 1 of the Elven Halls
 33660 | Elf:1    | Found a flickering gateway to a bazaar.
 33661 | Elf:1    | Noticed Aizul
 33680 | Elf:1    | Killed Aizul
 33766 | Bazaar   | Entered a bazaar
 33766 | Bazaar   | Found Zolewec's Armour Boutique.
 33766 | Bazaar   | Found Ulid's Distillery.
 33766 | Bazaar   | Found Muzer's Food Shop.
 33766 | Bazaar   | Found Wanotegh's Armour Shop.
 33766 | Bazaar   | Found Kemouwn's Assorted Antiques.
 33819 | Bazaar   | Bought a potion of might for 60 gold pieces
 33819 | Bazaar   | Bought a potion of curing for 45 gold pieces
 33819 | Bazaar   | Bought a potion of cancellation for 120 gold pieces
 34497 | Elf:1    | Received a gift from Yredelemnul (a ghoul)
 34928 | Vaults:1 | Entered Level 1 of the Vaults
 35022 | Vaults:1 | Reached XP level 18. HP: 104/144 MP: 20/24
 35125 | Vaults:1 | Noticed Wiglaf
 35134 | Vaults:1 | Killed Wiglaf
 35415 | Vaults:1 | Found Fyddelirph's Jewellery Boutique.
 35492 | Vaults:1 | Received a gift from Yredelemnul (a ghoul)
 35584 | Vaults:1 | Found a hide-covered altar of Uskayaw.
 35640 | Vaults:1 | Noticed Asterion
 35650 | Vaults:1 | Killed Asterion
 36100 | Vaults:2 | Received a gift from Yredelemnul (a vampire knight)
 36199 | Vaults:2 | Received a gift from Yredelemnul (a bone dragon)
 36396 | Vaults:2 | Received a gift from Yredelemnul (a flayed ghost)
 37167 | Vaults:2 | Received a gift from Yredelemnul (a flayed ghost)
 37169 | Vaults:2 | Reached skill level 1 in Armour
 37310 | Vaults:2 | Received a gift from Yredelemnul (a ghoul)
 37321 | Vaults:2 | Reached skill level 18 in Unarmed Combat
 37846 | Vaults:2 | Received a gift from Yredelemnul (a phantasmal warrior)
 38030 | Vaults:3 | Received a gift from Yredelemnul (a bone dragon)
 38271 | Vaults:3 | Received a gift from Yredelemnul (a vampire knight)
 38417 | Vaults:3 | Noticed a lich
 38425 | Vaults:3 | Killed a lich
 38460 | Vaults:3 | Found a staircase to the Crypt.
 38488 | Vaults:3 | Gained mutation: Your demonic aura causes spilled blood to erupt in flames. [demonic ancestry]
 38488 | Vaults:3 | Reached XP level 19. HP: 94/152 MP: 22/25
 38678 | Vaults:3 | Received a gift from Yredelemnul (a vampire)
 38819 | Vaults:3 | Received a gift from Yredelemnul (a ghoul)
 39355 | Vaults:4 | Found Rups's Assorted Antiques.
 39363 | Vaults:4 | Bought a scroll of magic mapping for 94 gold pieces
 39363 | Vaults:4 | Bought a scroll of immolation for 94 gold pieces
 39363 | Vaults:4 | Bought a scroll of magic mapping for 94 gold pieces
 39363 | Vaults:4 | Bought a scroll of teleportation for 81 gold pieces
 39363 | Vaults:4 | Bought a scroll of teleportation for 81 gold pieces
 39444 | Vaults:4 | Found Siefeucu's Armour Shop.
 39496 | Vaults:4 | Received a gift from Yredelemnul (a vampire knight)
 39586 | Vaults:4 | Received a gift from Yredelemnul (a vampire knight)
 39586 | Vaults:4 | Noticed a lich
 39593 | Vaults:4 | Killed a lich
 39702 | Vaults:4 | Reached skill level 5 in Armour
 39830 | Vaults:4 | Reached skill level 19 in Unarmed Combat
 39963 | Vaults:4 | Received a gift from Yredelemnul (a phantasmal warrior)
 40312 | Vaults:4 | Reached skill level 15 in Fighting
 40536 | Vaults:4 | Received a gift from Yredelemnul (a phantasmal warrior)
 40757 | Vaults:4 | Found Waqiam's Book Emporium.
 40770 | Vaults:4 | Gained mutation: Your magical and physical power is slightly enhanced at high health. [demonic ancestry]
 40770 | Vaults:4 | Reached XP level 20. HP: 136/162 MP: 26/26
 40782 | Vaults:4 | Found Hauloeji's Gadget Shoppe.
 40859 | Vaults:4 | Upgraded the game from 0.19-a0-860-g5c370dd to 0.19-a0-905-ge5e6a15
 40861 | Vaults:5 | Entered Level 5 of the Vaults
 41421 | Vaults:5 | Received a gift from Yredelemnul (a vampire knight)
 41613 | Vaults:5 | Received a gift from Yredelemnul (a ghoul)
 41640 | Vaults:5 | Received a gift from Yredelemnul (a skeletal warrior)
 41652 | Vaults:5 | Reached skill level 20 in Unarmed Combat
 41680 | Vaults:5 | Your ally Bai Suzhen died
 41709 | Vaults:5 | Reached skill level 15 in Dodging
 42204 | Vaults:5 | Got a fine lapis lazuli ring
 42206 | Vaults:5 | Identified the ring of Suqorch {rF+ rC+++ Int+3 Dex-4 SInv} (You took it off an ironheart preserver on level 5 of the Vaults)
 42257 | Vaults:5 | Identified the Guide on Damaging Clay
 42290 | Vaults:5 | Received a gift from Yredelemnul (a profane servitor)
 42415 | Vaults:5 | Noticed a golden dragon
 42425 | Vaults:5 | Killed a golden dragon
 42450 | Vaults:5 | Gained mutation: You are completely covered in rough black scales. (AC +10, Dex -3) [demonic ancestry]
 42450 | Vaults:5 | Reached XP level 21. HP: 123/170 MP: 24/27
 42514 | Vaults:5 | Identified the Handbook of Lightness and Contamination
 42623 | Vaults:5 | Received a gift from Yredelemnul (a vampire knight)
 42981 | Vaults:5 | Got a clouded amethyst amulet
 43013 | Vaults:5 | Identified the amulet "Nasiaschuat" {Gourm *Drain Str+6 Int+7} (You found it on level 5 of the Vaults)
 43317 | Vaults:5 | Got a silver rune of Zot
 43609 | Depths:1 | Entered Level 1 of the Depths
 43614 | Depths:1 | Received a gift from Yredelemnul (a bone dragon)
 43838 | Depths:1 | Received a gift from Yredelemnul (a profane servitor)
 44143 | Depths:1 | Found a gateway to Hell.
 44218 | Depths:1 | Received a gift from Yredelemnul (a vampire knight)
 44546 | Depths:1 | Reached skill level 10 in Armour
 44713 | Depths:1 | Received a gift from Yredelemnul (a phantasmal warrior)
 44733 | Depths:2 | Found a one-way gate leading to the halls of Pandemonium.
 44801 | Depths:2 | Found a one-way gate to the infinite horrors of the Abyss.
 45804 | Depths:3 | Reached XP level 22. HP: 179/179 MP: 27/27
 45859 | Depths:3 | Gained mutation: Your flesh is cold resistant. (rC+) [evolution]
 45875 | Depths:3 | Reached skill level 21 in Unarmed Combat
 46068 | Depths:3 | Noticed a golden dragon
 46072 | Depths:3 | Killed a golden dragon
 46273 | Depths:3 | Found a gateway to a ziggurat.
 46275 | Depths:3 | Noticed Saint Roka
 46291 | Depths:3 | Received a gift from Yredelemnul (a ghoul)
 46298 | Depths:3 | Killed Saint Roka
 46383 | Depths:3 | Noticed Mara
 46395 | Depths:3 | Killed Mara
 46395 | Depths:3 | Enslaved Mara
 46974 | Depths:4 | Noticed Sojobo
 46977 | Depths:4 | Received a gift from Yredelemnul (a vampire)
 46984 | Depths:4 | Killed Sojobo
 47073 | Depths:4 | Found a deep blue altar of Sif Muna.
 47074 | Depths:4 | Found a burning altar of Makhleb.
 47074 | Depths:4 | Found a basalt altar of Yredelemnul.
 47350 | Depths:4 | Noticed Boris
 47359 | Depths:4 | Killed Boris
 47372 | Depths:4 | Reached skill level 15 in Shields
 47536 | Depths:5 | Entered Level 5 of the Depths
 47742 | Depths:5 | Received a gift from Yredelemnul (a vampire)
 47805 | Depths:5 | Reached XP level 23. HP: 176/187 MP: 26/28
 47827 | Depths:5 | Received a gift from Yredelemnul (a skeletal warrior)
 47846 | Depths:5 | Found a gate to the Realm of Zot.
 47895 | Depths:5 | Received a gift from Yredelemnul (a bone dragon)
 48393 | Zot:1    | Entered Level 1 of the Realm of Zot
 49131 | Zot:2    | Received a gift from Yredelemnul (a flayed ghost)
 49557 | Zot:3    | Noticed an orb of fire
 49563 | Zot:3    | Noticed an orb of fire
 49565 | Zot:3    | Reached skill level 22 in Unarmed Combat
 49582 | Zot:3    | Gained mutation: Your body sometimes deteriorates upon taking damage. [an orb of fire]
 49583 | Zot:3    | Gained mutation: Scrolls take you a little longer to read. [an orb of fire]
 49585 | Zot:3    | Killed an orb of fire
 49596 | Zot:3    | Killed an orb of fire
 49999 | Zot:3    | Received a gift from Yredelemnul (a bone dragon)
 50459 | Zot:4    | Noticed a curse toe
 50466 | Zot:4    | Killed a curse toe
 50490 | Zot:4    | Noticed a Killer Klown
 50495 | Zot:4    | Noticed a Killer Klown
 50495 | Zot:4    | Noticed a Killer Klown
 50497 | Zot:4    | Killed a Killer Klown
 50502 | Zot:4    | Killed a Killer Klown
 50514 | Zot:4    | Killed a Killer Klown
 50514 | Zot:4    | Reached XP level 24. HP: 107/197 MP: 26/28
 51634 | Zot:5    | Entered Level 5 of the Realm of Zot
 51677 | Zot:5    | Received a gift from Yredelemnul (a phantasmal warrior)
 52417 | Zot:5    | Your ally Mara died
 52648 | Zot:5    | Noticed an ancient lich
 52655 | Zot:5    | Killed an ancient lich
 52665 | Zot:5    | Noticed an ancient lich
 52676 | Zot:5    | Received a gift from Yredelemnul (a vampire)
 52680 | Zot:5    | Killed an ancient lich
 52691 | Zot:5    | Noticed an orb of fire
 52728 | Zot:5    | Gained mutation: You are occasionally teleported next to monsters. [an orb of fire]
 52736 | Zot:5    | Gained mutation: Scrolls take you longer to read. [an orb of fire]
 52737 | Zot:5    | Killed an orb of fire
 52771 | Zot:5    | Noticed an ancient lich
 52787 | Zot:5    | Killed an ancient lich
 52874 | Zot:5    | Noticed an ancient lich
 52879 | Zot:5    | Killed from afar by an ancient lich

Vault maps used:
D:1:      nagdon_arrival_zigzag_paths, kennysheep_decorative_pillar
D:3:      marbit_many_paths
D:4:      gammafunk_temple_overflow_statue, amethyst_overflow_temple_binary,
          first_bread, enter_ossuary_2
D:5:      lemuel_doored_altar, vehumet_altar_wand_db, kennysheep_mini,
          nicolae_overflow_hidden_temple, fedhas_bush_and_centaur_altar
D:6:      grunt_dithmenos_smoke_and_mirrors, minmay_temple_entry_mist
D:7:      nicolae_overflow_crystal_walls
D:8:      overflow_temple_1_default, lair_0_dummy, basic_altar,
          hangedman_pestilent_swarm, lightli_orcish_oven, uniq_psyche
D:9:      serial_ice, serial_ice_b, serial_ice_e, serial_ice_j, serial_ice_m,
          serial_ice_a, serial_ice_f, serial_ice_h, serial_ice_g
D:10:     david_orc_1_choice, jmf_multi_god_temple2, uniq_maurice
D:12:     nicolae_ru_sacrificial_ziggurat, uniq_fannar, uniq_gastronok
D:13:     serial_shops, shop, minmay_item_behind_shaft
D:14:     grunt_vaults_entry_tiered, minmay_hedge_maze, dk_noncrumbling_4,
          kennysheep_windowed_goal, uniq_roxanne, uniq_snorg
D:15:     grunt_enter_depths_hoard
Lair:1:   grunt_forest_small_clearings
Lair:2:   enter_volcano_4, wad_woods_road_02, uniq_harold
Lair:3:   lemuel_fruit_tree
Lair:4:   elwin_shoals_entry_rocks, dummy_spider_entry, beast_lair_carwin_1
Lair:5:   portal_ice_cave_entry_pillars_03, grunt_megastairs_4
Lair:6:   uniq_rupert
Lair:7:   lemuel_centaur_altar
Lair:8:   hangedman_lair_caniforms_friends, minmay_slime_entry_pillars,
          eino_small_chamber_without_monster
Shoals:1: nicolae_shoals_dead_sea_scrolls, uniq_louise
Shoals:2: uniq_polyphemus, uniq_frances
Shoals:3: nicolae_shoals_undead_eyrie
Shoals:4: shoals_end_simple, shoals_ilsuiw_alternative, uniq_ilsuiw,
          uniq_nikola, uniq_bai_suzhen
Spider:1: einodemon_crawler_minivault
Spider:3: special_room
Spider:4: spider_rune_water
Orc:1:    serial_shops, nicolae_shop_statue_plus, uniq_urug, uniq_maud
Orc:2:    st_orc_ogre_mass, uniq_josephine
Elf:1:    serial_shops, bzr_entry_lakeside, kennysheep_underground_church,
          uniq_aizul
Vaults:1: vaults_standard_mumra_x, nicolae_vaults_circle_grid_a, v_misc_29,
          nicolae_vaults_rhombus_7, v_misc_16, vaults_dpeg_diagonal,
          dpeg_vaults_monster_box, vaults_mumra_minichess, basic_altar,
          serial_shops, shop, uniq_asterion, uniq_wiglaf
Vaults:2: hangedman_vaults_hat, vaults_dpeg_doors,
          vaults_room_grunt_arrival_ludios, v_alt_pattern_1,
          vaults_room_grunt_arrival_checkpoint, v_misc_28
Vaults:3: blue_anna_dwarven_crypt, v_alt_pattern_6, vaults_room_corners,
          v_misc_23, v_misc_33, ontoclasm_vaults_loading_screen, v_misc_9,
          grunt_vaults_focal, ontoclasm_vaults_eye, hangedman_vaults_nails,
          vaults_room_stairs_pillars, vaults_mumra_bighexcomb,
          nicolae_vaults_theta, vaults_dpeg_encased_lava, ontoclasm_vaults_pinch
Vaults:4: hangedman_vaults_slither, v_rooms_6, vaults_room_door_hall,
          vaults_room_semicircle, v_pattern_4, v_misc_29,
          hangedman_vaults_corner_blocks, nicolae_vaults_little_squares_6,
          serial_shops, shop, shop, nicolae_shop_behind_doors, shop
Vaults:5: serial_shops
Depths:1: solitary_fountain, grunt_mini_vestibule, serial_corexii_hall,
          corexii_hall_statues_l, corexii_hall_statues_deadend,
          corexii_hall_statues_x, corexii_hall_statues_l,
          corexii_hall_statues_x, corexii_hall_statues_i, serial_bayou_crossing
Depths:2: minmay_guarded_unrand_guard, pan_entry, hangedman_abyss_entry_splay,
          hell_entry, moated_statue, serial_bayou_shore_a,
          infiniplex_staircase_x
Depths:3: minmay_imperfect_grid, enter_ziggurat_b, abyss_entry_flame_altar,
          minmay_stone_trees_medium, hellmouth_1, pan_entry,
          basic_stair_grate_trap, uniq_mara, uniq_saint_roka
Depths:4: hangedman_slaughterboxes, serial_shops, abyss_entry, hell_entry,
          uniq_sojobo, uniq_boris
Depths:5: grunt_zot_entry_alcove, pf_hell_entry_great_geh,
          hangedman_decor_opposing
Zot:1:    grunt_megastairs_2
Zot:2:    lemuel_draconian_sentries_small, st_large_dragon_hoard_3,
          basic_stair_grate_trap
Zot:3:    lemuel_lake_of_fire
Zot:4:    circus_mu, zot_minivault_6, basic_stair_grate_trap
Bazaar:   bazaar_minmay_generic_box
Ossuary:  ossuary_the_hunt_dpeg
IceCv:    ice_cave_small_demon
Volcano:  volcano_tomb

Skill      XL: |  1  2  3  4  5  6  7  8  9 10 11 12 13 14 15 16 17 18 19 20 21 22 23 24 |
---------------+-------------------------------------------------------------------------+-----
Transmutations | 2 3 4 5 6 8 9 10 11 | 11.2
Dodging        | 2 3 4 6 7 8 9 10 11 12 13 14 15 16 17 | 17.3
Unarmed Combat | 3 4 5 6 8 9 11 12 13 14 15 16 17 18 19 20 21 22 | 22.8
Fighting       | 2 3 4 6 7 8 9 10 11 12 13 14 15 16 17 18 | 18.2
Spellcasting   | 3 4 |  4.0
Invocations    | 4 6 8 10 11 12 | 12.0
Shields        | 2 9 11 13 14 15 16 17 | 17.5
Armour         | 3 6 9 10 11 12 | 12.8

Action                   |  1- 3 |  4- 6 |  7- 9 | 10-12 | 13-15 | 16-18 | 19-21 | 22-24 || total
-------------------------+-------+-------+-------+-------+-------+-------+-------+-------++-------
Melee: Unarmed           |   159 |   333 |   398 |  1089 |  1604 |  1303 |  1039 |   936 ||  6861
       Punch             |     2 |     9 |    15 |    57 |   158 |       |       |       ||   241
       Kick              |       |    12 |     1 |       |       |       |       |       ||    13
       Headbutt          |       |       |       |   120 |   484 |   370 |   299 |   312 ||  1585
Throw: Throwing net      |       |       |     1 |       |    13 |       |       |       ||    14
 Cast: Spider Form       |       |     5 |    11 |    14 |       |       |       |       ||    30
       Sticks to Snakes  |       |    12 |     6 |       |     7 |       |       |       ||    25
       Beastly Appendage |       |     3 |     1 |       |       |       |       |       ||     4
       Ice Form          |       |       |       |     4 |       |       |       |       ||     4
       Blade Hands       |       |       |       |    12 |     9 |       |       |       ||    21
Invok: Animate Remains   |       |       |       |     4 |       |       |       |       ||     4
       Recall Undead Sla |       |       |       |     2 |     5 |    24 |    11 |    21 ||    63
       Animate Dead      |       |       |       |     4 |     8 |     5 |       |       ||    17
       Drain Life        |       |       |       |       |     2 |     5 |     7 |     3 ||    17
       Injury Mirror     |       |       |       |       |     1 |     3 |     2 |       ||     6
       Stop Recall       |       |       |       |       |     1 |       |       |       ||     1
       Enslave Soul      |       |       |       |       |       |     1 |       |     1 ||     2
Evoke: Wand              |       |       |     2 |       |     5 |       |     1 |     6 ||    14
  Use: Potion            |       |     2 |     1 |     4 |     5 |     3 |     2 |     4 ||    21
       Scroll            |       |       |    13 |     9 |    24 |    10 |     8 |     5 ||    69
 Stab: Sleeping          |     1 |     1 |     1 |       |       |       |       |       ||     3
       Held in net/web   |       |     2 |     2 |       |     2 |       |       |       ||     6
       Distracted        |       |       |       |     6 |     8 |    26 |    17 |    29 ||    86
       Paralysed         |       |       |       |       |     3 |     6 |     4 |       ||    13
       Confused          |       |       |       |       |     2 |       |       |       ||     2
       Petrifying        |       |       |       |       |       |     1 |       |       ||     1
       Petrified         |       |       |       |       |       |     1 |       |       ||     1
  Eat: Chunk             |     2 |     6 |    10 |    21 |    37 |    30 |     8 |       ||   114
       Beef jerky        |       |     1 |     2 |     3 |       |       |       |       ||     6
       Meat ration       |       |     1 |       |       |       |       |       |     4 ||     5
       Fruit             |       |     1 |       |       |       |       |       |       ||     1
       Royal jelly       |       |       |     1 |     2 |     1 |     4 |    11 |       ||    19
       Pizza             |       |       |       |     2 |     2 |     3 |     2 |       ||     9
Armor: Robe              |    66 |    79 |    63 |    31 |       |       |       |       ||   239
       Skin              |       |     1 |     4 |     9 |     5 |       |       |       ||    19
       Troll hide        |       |       |       |    23 |       |       |       |       ||    23
       Troll leather arm |       |       |       |   240 |   500 |   252 |       |       ||   992
       Ice dragon armour |       |       |       |       |       |    52 |   285 |   236 ||   573
Dodge: Dodged            |   106 |   167 |   314 |   791 |  1174 |   828 |   440 |   311 ||  4131
Block: Shield            |       |       |       |       |    59 |   854 |   444 |       ||  1357
       Large shield      |       |       |       |       |       |       |   220 |   692 ||   912
